 Dungeon Crawl Stone Soup version 0.27.1-3-gb3d3a73c9e (webtiles) character file.

Game seed: 1160610768425989336

192 dobroeutro the Cudgeller (level 5, -3/32 HPs)
             Began as a Gargoyle Fighter on Oct 18, 2021.
             Killed from afar by Terence (7 damage)
             ... with a puff of flame
             ... on level 3 of the Dungeon.
             The game lasted 00:02:12 (2173 turns).

dobroeutro the Cudgeller (Gargoyle Fighter)         Turns: 2173, Time: 00:02:13

Health: -3/32      AC: 10    Str: 19    XL:     5   Next: 71%
Magic:  5/5        EV:  7    Int:  9    God:
Gold:   62         SH:  9    Dex: 10    Spells: 4/4 levels left

rFire    . . .     SeeInvis .   l - +2 war axe (vamp)
rCold    . . .     Faith    .   c - +0 kite shield
rNeg     + . .     Spirit   .   b - +0 scale mail
rPois    ∞         Reflect  .   (no helmet)
rElec    +         Harm     .   (no cloak)
rCorr    .         Rampage  .   (no gloves)
Will     .....                  (no boots)
Stlth    ..........             (no amulet)
HPRegen  0.10/turn              (no ring)
MPRegen  0.09/turn              (no ring)

@: no status effects
A: sickness immunity, AC +4, negative energy resistance 1, electricity
resistance, torment resistance 1, petrification resistance
a: no special abilities


You were on level 3 of the Dungeon.
You visited 1 branch of the dungeon, and saw 3 of its levels.

You collected 62 gold pieces.

Inventory:

Hand Weapons
 a - a +0 flail
 l - a +2 vampiric war axe (weapon)
Armour
 b - a +0 scale mail (worn)
 c - a +0 kite shield (worn)
Wands
 n - a wand of flame (12)
Scrolls
 e - a scroll of torment {unknown}
 f - a scroll of summoning {unknown}
 i - 2 scrolls of identify {unknown}
 j - a scroll of blinking {unknown}
 m - a scroll of teleportation {unknown}
 o - 2 scrolls of fog {unknown}
Potions
 d - a potion of might
 g - 2 potions of heal wounds {unknown}
 h - a potion of curing {unknown}
 k - a potion of degeneration {unknown}


   Skills:
 - Level 3.2 Fighting
 + Level 2.8(3.9) Axes
 - Level 4.6(5.1) Maces & Flails
 - Level 3.2 Armour
 - Level 3.2 Shields


You had 4 spell levels left.
You didn't know any spells.
Your spell library contained the following spells:

 Spells                   Type           Power      Damage    Failure   Level
 Wereblood                Tmut           0%         N/A       100%        2
 Summon Hydra             Summ           0%         N/A       100%        7
 Sublimation of Blood     Necr           Unusable   N/A       N/A         2

Dungeon Overview and Level Annotations

Branches:
Dungeon (3/15)

Altars:

Annotations:
D:3 Terence


Innate Abilities, Weirdness & Mutations

You are immune to sickness and miasma.
Your stone body is resilient. (AC +4)
You are immune to poison.
You resist negative energy. (rN+)
You are resistant to electric shocks. (rElec)
You are resistant to unholy torment.
You are immune to petrification.


Message History

The orc wizard hits you with a +2 dagger of protection.
* * * LOW HITPOINT WARNING * * *
The orc wizard hits you with a +2 dagger of protection.
* * * LOW HITPOINT WARNING * * *
You barely miss the orc wizard.
The orc wizard is almost dead.
You block the orc wizard's attack.
You hit the orc wizard.
You feel better.
You kill the orc wizard!
Things that are here:
a +2 dagger of protection; a +0 robe; an orc corpse
Things that are here:
a +0 club; a dart slug corpse
Things that are here:
a +0 flail; a +0 ring mail; an orc corpse You start resting.
An endoplasm comes into view.
The endoplasm quivers.
Things that are here:
a +2 dagger of protection; a +0 robe; an orc corpse You hit the endoplasm.
You feel better.
The endoplasm is moderately wounded.
The endoplasm hits you.
* * * LOW HITPOINT WARNING * * *
The endoplasm hits you.
* * * LOW HITPOINT WARNING * * *
You slash the endoplasm!
You kill the endoplasm!
You start resting.
Terence the Incautious comes into view.
He is wielding a +3 short sword and carrying a wand of flame (25).
Things that are here:
a +2 dagger of protection; a +0 robe; an orc corpse
Things that are here:
a +0 flail; a +0 ring mail; an orc corpse Terence zaps a wand.
The puff of flame hits you.
* * * LOW HITPOINT WARNING * * *
Terence looks scornfully at you.
Terence screams, "I'm going to kill you!"
Terence zaps a wand.
The puff of flame hits you!
You die...

..........############### ###
###......)..))..........###.#####
##...##.#############.##.......
#.####.# ###.###>..... #.# #.#
#...........# ####.####.#
#.#.###.###.# ..........#
##.#.###.###.#
####.###..##########.#.......##.#
#.......@....@...###......##.#
#####.#.###.#####.#.####..##<#
#.#.# #)# ##.#####..##.# ####.#.#
#.## #.#........<. #####..@.#.#
#..# #.#.........#
..)....########'#####....##..##.#
#####@.# #....#....##....>.....#
..#!.# #..#####..##...##.<.#.#
#.#..####....#....##.#.#....#.#


You could see Terence.

Vanquished Creatures
  Jessica (D:2)
  An orc wizard (D:3)
  4 gnolls (D:3)
  3 adders
  A worm (D:3)
  2 dart slugs
  4 orcs (D:3)
  7 ball pythons
  6 endoplasms
  2 giant cockroaches
  10 goblins
  5 hobgoblins
  4 jackals (D:2)
  5 kobolds
  A quokka (D:1)
  3 bats
  2 rats
61 creatures vanquished.

Notes
Turn   | Place    | Note
-------+----------+-------------------------------------------
     0 | D:1      | dobroeutro the Gargoyle Fighter began the quest for the
                  | Orb.
     0 | D:1      | Reached XP level 1. HP: 14/14 MP: 1/1
   190 | D:1      | Reached XP level 2. HP: 19/19 MP: 2/2
   378 | D:1      | Reached skill level 3 in Maces & Flails
   893 | D:2      | Reached XP level 3. HP: 20/23 MP: 3/3
  1113 | D:2      | Noticed Jessica
  1148 | D:1      | Reached skill level 4 in Maces & Flails
  1383 | D:2      | Killed Jessica
  1384 | D:2      | Reached XP level 4. HP: 22/28 MP: 4/4
  1784 | D:3      | Found a faded altar of an unknown god.
  1795 | D:3      | Reached skill level 1 in Axes
  1856 | D:3      | Reached XP level 5. HP: 13/32 MP: 5/5
  2155 | D:3      | Noticed Terence
  2173 | D:3      | Killed from afar by Terence

Illustrated notes

Levels and vault maps discovered:
D:1:      dpeg_arrival_rooms_with_view, layout_basic
D:2:      layout_rooms, uniq_jessica
D:3:      layout_loops_ring, shapermc_ecumenical_altar_notcrosses,
          minmay_ruptured, uniq_terence, uniq_robin

Skill      XL: |  1  2  3  4  5 |
---------------+----------------+-----
Maces & Flails | 3 4 |  4.6
Axes           | 1 2 |  2.8
Fighting       | |  3.2
Armour         | |  3.2
Shields        | |  3.2

Action                   |  1- 3 |  4- 6 || total
-------------------------+-------+-------++-------
Melee: Flail             |   137 |    10 ||   147
       War axe           |       |    84 ||    84
Armor: Scale mail        |   102 |    54 ||   156
Dodge: Dodged            |    59 |    28 ||    87
Block: Kite shield       |   109 |    42 ||   151
